 Dungeon Crawl Stone Soup version 0.27.1-16-g815e20cd7a (webtiles) character file.

Game seed: 8939850889222069150

50628 McKennaii the Eclecticist (level 14, -4/99 HPs)
             Began as a Djinni Fire Elementalist on Nov 21, 2021.
             Was a High Priest of Makhleb.
             Killed from afar by a rime drake (16 damage)
             ... with a flash freeze
             ... on level 6 of the Lair of Beasts.
             The game lasted 00:42:24 (24055 turns).

McKennaii the Eclecticist (DjFE)                   Turns: 24055, Time: 00:42:25

Health: -4/99      AC:  7    Str:  7    XL:     14   Next: 98%
Gold:   1321       EV: 16    Int: 34    God:    Makhleb [*****.] SH:  0 Dex: 14

rFire    + + .     SeeInvis .   E - staff of cold
rCold    . . .     Faith    .   (no shield)
rNeg     . . .     Spirit   .   G - +0 steam dragon scales
rPois    ∞         Reflect  .   g - +0 helmet
rElec    .         Harm     .   Q - +0 cloak {Stlth+}
rCorr    .         Rampage  .   (no gloves)
Will     +....                  (boots unavailable)
Stlth    ++++......             H - amulet of the acrobat
HPRegen  0.26/turn              e - +6 ring of intelligence
MPRegen  0.00/turn              M - +6 ring of intelligence

@: flying
A: sickness immunity, fire resistance 2, cold vulnerability 1, float, innate
caster, hp casting, extra vitality 1
a: Renounce Religion, Minor Destruction, Lesser Servant of Makhleb, Major
Destruction, Greater Servant of Makhleb


You were on level 6 of the Lair of Beasts.
You worshipped Makhleb.
Makhleb was extremely pleased with you.
You visited 3 branches of the dungeon, and saw 20 of its levels.
You also visited: Sewer.

You collected 1321 gold pieces.

Inventory:

Armour
 a - a +0 robe
 g - a +0 helmet (worn)
 y - the +6 ring mail "Gouppan" {Rampage Str+3 Dex-4}
   (You found it on level 6 of the Dungeon)

   Str:       It affects your strength (+3).
   Dex:       It affects your dexterity (-4).
   Rampage:   It bestows one free step when moving towards enemies.
 G - +0 steam dragon scales (worn)
 Q - a +0 cloak of stealth (worn)
 R - a +0 helmet
Magical Staves
 E - a staff of cold (weapon)
Jewellery
 e - a +6 ring of intelligence (left hand)
 h - a +6 ring of dexterity
 v - a ring of resist corrosion
 D - a ring of protection from cold
 H - an amulet of the acrobat (around neck)
 M - a +6 ring of intelligence (right hand)
 T - a ring of see invisible
Wands
 x - a wand of polymorph (12)
 A - a wand of acid (15)
 B - a wand of mindburst (4)
 N - a wand of charming (5)
 P - a wand of iceblast (10)
 S - a wand of paralysis (3)
 U - a wand of digging (4)
Scrolls
 b - 2 scrolls of immolation {unknown}
 f - a scroll of enchant armour {unknown}
 i - 2 scrolls of blinking
 j - 2 scrolls of vulnerability {unknown}
 k - 4 scrolls of magic mapping
 l - 9 scrolls of teleportation {unknown}
 m - 3 scrolls of summoning {unknown}
 n - a scroll of brand weapon {unknown}
 t - 3 scrolls of fog {unknown}
 u - 10 scrolls of identify
 C - 4 scrolls of enchant weapon {unknown}
 K - 3 scrolls of fear
 L - a scroll of holy word {unknown}
 O - a scroll of acquirement {unknown}
Potions
 c - 6 potions of curing
 d - 2 potions of mutation
 o - a potion of berserk rage {unknown}
 p - 3 potions of haste {unknown}
 q - a potion of brilliance {unknown}
 r - 2 potions of magic {unknown}
 s - 2 potions of invisibility {unknown}
 w - a potion of resistance
 z - a potion of attraction {unknown}
 F - 3 potions of degeneration {unknown}
 I - 3 potions of lignification {unknown}
 J - 3 potions of might {unknown}


   Skills:
 * Level 8.6 Fighting
 * Level 9.2 Dodging
 + Level 5.0 Stealth
 * Level 16.0 Spellcasting


You had 10 spell levels left.
You knew the following spells:

 Your Spells              Type           Power      Damage    Failure   Level
a - Foxfire               Conj/Fire      100%       2x1d9     0%          1
b - Conjure Flame         Conj/Fire      94%        6-21      0%          3
c - Inner Flame           Hex/Fire       94%        N/A       0%          3
d - Sticky Flame          Conj/Fire      94%        2d10      1%          4
e - Fireball              Conj/Fire      47%        3d19      1%          5
f - Shock                 Conj/Air       100%       1d9       0%          1
g - Slow                  Hex            94%        N/A       0%          2
h - Ignite Poison         Fire/Tmut/Pois 94%        N/A       0%          3
i - Ozocubu's Armour      Ice            100%       N/A       0%          3
j - Lee's Rapid Deconstr  Erth           47%        3d23*     1%          5
k - Yara's Violent Unrav  Hex/Tmut       47%        3d18      1%          5
Your spell library was empty.

Dungeon Overview and Level Annotations

Branches:
Dungeon (13/15)            Temple (1/1) D:4            Lair (6/6) D:10
 Shoals (0/4) Lair:3        Snake (0/4) Lair:4          Orc (0/2) D:10
 Vaults (0/5) D:13          Sewer (visited)
  Slime: Lair:5-6

Altars:
Ashenzari
Cheibriados
Dithmenos
Elyvilon
Fedhas
Gozag
Hepliaklqana
Kikubaaqudgha
Makhleb
Nemelex Xobeh
Okawaru
Qazlal
Ru
Sif Muna
Trog
Uskayaw
Vehumet
Wu Jian
Xom
Yredelemnul
Zin
The Shining One

Shops:
D:5 =

Annotations:
D:10 1 runed translucent door, Gabide's ghost, novice DgHu
D:13 Rupert


Innate Abilities, Weirdness & Mutations

You are immune to sickness and miasma.
You are immune to poison.
Your flesh is very heat resistant. (rF++)
You are vulnerable to cold. (rC-)
You float through the air rather than walking.
You learn spells naturally, not from books.
Your magical power is your life essence.
You have superior vitality. (+4 HP)


Message History

You hear an angry hiss.
A wyvern comes into view.
Unknown command.
Aiming: Corrosive Bolt
Press: ? - help, Shift-Dir - straight line, f/p - steam dragon
Aim: a steam dragon (severely wounded, 71% to hit)
The bolt of acid hits the steam dragon.
The steam dragon is splashed with acid.
The acid corrodes the steam dragon!
You kill the steam dragon!
Makhleb accepts your kill.
You feel better.
Unknown command.
Okay, then.
Aiming: Corrosive Bolt
Press: ? - help, Shift-Dir - straight line, f - wyvern
Aim: a wyvern (71% to hit)
The bolt of acid hits the wyvern!
The wyvern is splashed with acid.
The acid corrodes the wyvern!
The wyvern is heavily wounded.
A rime drake comes into view.
Unknown command.
Unknown command.
Aiming: Corrosive Bolt
Press: ? - help, Shift-Dir - straight line, f/p - wyvern
Aim: a wyvern (heavily wounded, covered in acid, 71% to hit)
The bolt of acid hits the wyvern!
The wyvern is splashed with acid!
You kill the wyvern!
Makhleb accepts your kill. The rime drake breathes ice at you.
The flash freeze misses you.
Your Stealth skill increases to level 5!
Unknown command.
Aiming: Corrosive Bolt
Press: ? - help, Shift-Dir - straight line, f - rime drake
Aim: a rime drake (64% to hit)
The bolt of acid hits the rime drake!
The rime drake is splashed with acid.
The rime drake is severely wounded.
The rime drake breathes ice at you. The flash freeze hits you!
You die...

...........†.....
.....#...†....#..
..#.#...........#
P...####..k..###.
#.# #....## #.
#†#.## #....#
##...# #.@## ####


You could see a rime drake (catching breath).

Vanquished Creatures
  Nessos (D:13)
  7 hydras
  2 catoblepae
  A two-headed ogre (D:9)
  A centaur warrior (D:13)
  Urug (D:11)
  2 lindwurms
  Pikel (D:8)
  An orange crystal statue (Lair:2)
  An ugly thing (D:12)
  2 manticores (D:12)
  A slime creature (D:12)
  A cyclops (D:12)
  Maurice (D:11)
  2 centaur zombies (D:11)
  A merfolk siren (Lair:3)
  6 elephants
  10 black mambas
  8 cane toads
  A gargoyle (D:12)
  A kobold demonologist (D:10)
  Maggie (D:7)
  5 rime drakes
  8 komodo dragons
  A merfolk (Lair:3)
  A troll (D:11)
  4 polar bears
  3 hornets
  9 blink frogs
  7 dream sheep (Lair:4)
  A meliai zombie (D:10)
  A shadow (D:11)
  6 wyverns
  45 yaks
  2 wraiths (D:12)
  3 basilisks
  12 humans
  3 steam dragons
  Grum (D:8)
  22 water moccasins
  2 orc warriors (D:10)
  3 ice beasts
  A black bear (Lair:4)
  A sky beast (D:5)
  2 ogres
  15 wolves
  16 centaurs
  3 phantoms
  The ghost of njkz123 the Magician, an amateur DEAE (D:3)
  3 kobold brigands
  14 bullfrogs
  4 scorpions
  15 killer bees
  10 wights
  12 electric eels
  3 lava snakes (Lair:2)
  A crimson imp (D:7)
  A centaur skeleton (D:5)
  A jelly (D:8)
  Crazy Yiuf (D:7)
  2 hounds (D:6)
  2 orc priests (D:9)
  A gnoll shaman (D:4)
  4 iguanas
  8 orc wizards
  A hound skeleton (D:3)
  A howler monkey zombie (D:9)
  6 gnolls
  7 river rats (Sewer)
  11 adders
  A shadow imp (D:7)
  A white imp (D:7)
  4 worms
  A dart slug (D:3)
  27 orcs
  13 ball pythons
  9 endoplasms
  3 giant cockroaches (D:3)
  7 goblins
  7 hobgoblins
  4 jackals (D:1)
  2 quokkas
  3 bats
  8 frilled lizards
  17 kobolds
  A quokka skeleton (D:4)
  25 rats
472 creatures vanquished.

Vanquished Creatures (others)
  146 foxfires
  42 fungi
  67 plants
255 creatures vanquished.

Grand Total: 727 creatures vanquished

Notes
Turn   | Place    | Note
-------+----------+-------------------------------------------
     0 | D:1      | McKennaii the Djinni Fire Elementalist began the quest for
                  | the Orb.
     0 | D:1      | Reached XP level 1. HP: 15/15 MP: 0/0
   261 | D:1      | Found a faded altar of an unknown god.
   468 | D:1      | Reached XP level 2. HP: 20/21 MP: 0/0
   665 | D:1      | Reached skill level 3 in Spellcasting
   665 | D:1      | Reached XP level 3. HP: 9/25 MP: 0/0
   665 | D:1      | Learned a level 1 spell: Shock
  1894 | D:3      | Reached XP level 4. HP: 21/31 MP: 0/0
  2116 | D:3      | Found a transporter.
  2295 | D:3      | Noticed njkz123's ghost (amateur DEAE)
  2298 | D:3      | Found a transporter.
  2454 | D:3      | Found a glowing drain.
  2463 | Sewer    | Entered a sewer
  2675 | Sewer    | Reached XP level 5. HP: 32/36 MP: 0/0
  2675 | Sewer    | Learned a level 2 spell: Slow
  2962 | Sewer    | Reached skill level 4 in Spellcasting
  3321 | Sewer    | Reached XP level 6. HP: 38/41 MP: 0/0
  3412 | Sewer    | Reached skill level 1 in Fighting
  3431 | Sewer    | Reached skill level 5 in Spellcasting
  3431 | Sewer    | Reached XP level 7. HP: 12/47 MP: 0/0
  3431 | Sewer    | Learned a level 3 spell: Ignite Poison
  4343 | D:4      | Found a staircase to the Ecumenical Temple.
  4369 | Temple   | Entered the Ecumenical Temple
  4447 | Temple   | Became a worshipper of Makhleb the Destroyer
  5510 | D:5      | Entered Level 5 of the Dungeon
  5620 | D:5      | Found Tetogrixo's Jewellery Shoppe.
  5833 | D:5      | Noticed a water moccasin
  5851 | D:5      | Killed a water moccasin
  6114 | D:5      | Reached skill level 6 in Spellcasting
  6114 | D:5      | Reached XP level 8. HP: 41/55 MP: 0/0
  7310 | D:6      | Reached skill level 7 in Spellcasting
  7475 | D:6      | Reached XP level 9. HP: 58/60 MP: 0/0
  7475 | D:6      | Learned a level 3 spell: Ozocubu's Armour
  7626 | D:6      | Identified the +6 ring mail "Gouppan" {Rampage Str+3 Dex-4}
  8210 | D:6      | Reached skill level 8 in Spellcasting
  9090 | D:7      | Noticed Maggie
  9097 | D:7      | Killed Maggie
  9746 | D:7      | Reached skill level 5 in Dodging
  9887 | D:7      | Found a sparkling altar of Nemelex Xobeh.
  9923 | D:7      | Reached * piety under Makhleb
  9936 | D:7      | Reached XP level 10. HP: 33/67 MP: 0/0
 10114 | D:7      | Reached skill level 9 in Spellcasting
 10539 | D:7      | Found a runed translucent door.
 10540 | D:7      | Noticed Crazy Yiuf
 10694 | D:7      | Killed Crazy Yiuf
 10904 | D:3      | Killed njkz123's ghost
 10908 | D:3      | Identified the +4 plate armour of Vanity {Drain Regen+
                  | SInv}
 11438 | D:8      | Noticed Grum
 11442 | D:8      | Killed Grum
 11443 | D:8      | Noticed Pikel
 11474 | D:8      | Killed Pikel
 12088 | D:8      | Reached skill level 10 in Spellcasting
 12356 | D:9      | Noticed a two-headed ogre
 12360 | D:9      | Killed a two-headed ogre
 12361 | D:9      | Reached skill level 5 in Fighting
 12378 | D:9      | Reached XP level 11. HP: 41/75 MP: 0/0
 12378 | D:9      | Learned a level 5 spell: Lee's Rapid Deconstruction
 12533 | D:9      | Reached ** piety under Makhleb
 12718 | D:9      | Noticed a six-headed hydra
 12721 | D:9      | Killed a six-headed hydra
 13023 | D:9      | Reached skill level 11 in Spellcasting
 13511 | D:10     | Entered Level 10 of the Dungeon
 13653 | D:10     | Found a runed translucent door.
 14142 | D:10     | Found a shimmering altar of Xom.
 14142 | D:10     | Noticed Gabide's ghost (novice DgHu)
 14143 | D:10     | Noticed a +1 long sword of chaos
 14201 | D:10     | Reached *** piety under Makhleb
 14355 | D:10     | Found a staircase to the Lair.
 14717 | D:10     | Found a staircase to the Orcish Mines.
 14938 | D:11     | Reached skill level 12 in Spellcasting
 14938 | D:11     | Reached XP level 12. HP: 63/83 MP: 0/0
 15522 | D:11     | Noticed Urug
 15525 | D:11     | Killed Urug
 15698 | D:11     | Noticed Maurice
 15702 | D:11     | Killed Maurice
 16357 | D:12     | Reached **** piety under Makhleb
 16734 | D:12     | Noticed a seven-headed hydra
 16738 | D:12     | Killed a seven-headed hydra
 16739 | D:12     | Reached skill level 13 in Spellcasting
 17205 | D:13     | Noticed Nessos
 17205 | D:13     | Noticed a centaur warrior
 17207 | D:13     | Killed a centaur warrior
 17210 | D:13     | Noticed Rupert
 17211 | D:13     | Killed Nessos
 17213 | D:13     | Reached XP level 13. HP: 89/89 MP: 0/0
 17213 | D:13     | Learned a level 5 spell: Yara's Violent Unravelling
 17255 | D:13     | Found a gate to the Vaults.
 17530 | Lair:1   | Entered Level 1 of the Lair of Beasts
 17841 | Lair:1   | Noticed a five-headed hydra
 17850 | Lair:1   | Killed a five-headed hydra
 18161 | Lair:1   | Noticed a four-headed hydra
 18168 | Lair:1   | Killed a four-headed hydra
 18950 | Lair:2   | Reached skill level 14 in Spellcasting
 19022 | Lair:2   | Noticed a five-headed hydra
 19025 | Lair:2   | Killed a five-headed hydra
 19172 | Lair:2   | Noticed a five-headed hydra
 19511 | Lair:2   | Noticed an eight-headed hydra
 19515 | Lair:2   | Killed an eight-headed hydra
 20842 | Lair:3   | Noticed a catoblepas
 20847 | Lair:3   | Killed a catoblepas
 21165 | Lair:3   | Reached XP level 14. HP: 84/97 MP: 0/0
 21537 | Lair:3   | Found a staircase to the Shoals.
 21778 | Lair:4   | Reached ***** piety under Makhleb
 21908 | Lair:4   | Reached skill level 15 in Spellcasting
 22280 | Lair:4   | Found a staircase to the Snake Pit.
 22828 | Lair:4   | Identified the amulet of Aprikyan {RegenMP rPois MP+9
                  | Int-2}
 23633 | Lair:5   | Identified the +1 war axe of the Dripping Shrike {vorpal,
                  | rC+ Str+3}
 24007 | Lair:6   | Entered Level 6 of the Lair of Beasts
 24023 | Lair:6   | Reached skill level 16 in Spellcasting
 24031 | Lair:6   | HP: 4/99 [wyvern (3)]
 24054 | Lair:6   | Reached skill level 5 in Stealth
 24055 | Lair:6   | Killed from afar by a rime drake

Illustrated notes

Levels and vault maps discovered:
D:1:      moated_graveyard_arrival, layout_rooms, ebering_ecumenical_altar_rust
D:2:      layout_loops_ring
D:3:      layout_rooms, portal_sewer_entry_f, gammafunk_ghost_arena
D:4:      layout_basic, minmay_temple_entry_grid, serial_bayou,
          serial_bayou_pond_c, serial_bayou_pond_c, serial_bayou_lagoon_a,
          serial_bayou_pond_d, amcnicky_mini_pool_small
D:5:      layout_loops_corners, serial_shops, shop
D:6:      layout_basic
D:7:      layout_rooms, nemelex_diamond_rough_becter, serial_rivers,
          chequers_serial_rivers_micro_b, chequers_serial_rivers_large_a,
          chequers_serial_rivers_micro_a, chequers_serial_rivers_small_b,
          chequers_serial_rivers_small_a, chequers_serial_rivers_micro_c,
          grunt_decor_one_mirror, minmay_fire_ice_demons, uniq_maggie,
          uniq_crazy_yiuf_cottage
D:8:      layout_rooms, nrook_mini_backslash, solitary_fountain,
          kennysheep_boxes, uniq_grum, uniq_pikel
D:9:      argonaut_augean_stables, layout_cave_pools
D:10:     layout_basic, grunt_lair_entry_orc_guard_hut, hiddenorc1_lemuel,
          ebering_ghost_xom
D:11:     layout_long_grid, uniq_urug, uniq_maurice
D:12:     layout_cave_pools, grunt_decor_cap
D:13:     layout_basic, david_vaults_3, kennysheep_small_circle
Temple:   kilobyte_greek_temple
Lair:1:   layout_roguey
Lair:2:   layout_regular_city, disabler_island, grunt_megastairs_4
Lair:3:   layout_regular_city, elwin_shoals_entry_rooms, minivault_23,
          grunt_megastairs_2
Lair:4:   layout_cave_pods, minmay_snake_entry_six_corridors,
          infiniplex_staircase_pool
Lair:5:   layout_big_grid
Lair:6:   gammafunk_lair_ancient_temple, layout_layer_cave, slime_altar_1

Skill      XL: |  1  2  3  4  5  6  7  8  9 10 11 12 13 14 |
---------------+-------------------------------------------+-----
Spellcasting   | 3 4 5 6 7 8 10 12 13 14 16 | 16.0
Stealth        | 2 3 4 5 |  5.0
Fighting       | 1 2 3 4 5 6 7 8 |  8.6
Dodging        | 3 4 5 6 7 8 9 |  9.2

Action                   |  1- 3 |  4- 6 |  7- 9 | 10-12 | 13-15 || total
-------------------------+-------+-------+-------+-------+-------++-------
Melee: Unarmed           |       |       |    12 |       |       ||    12
       Staff             |       |       |       |     4 |       ||     4
 Cast: Foxfire           |    43 |    10 |    33 |     1 |       ||    87
       Shock             |    37 |    96 |   228 |   125 |    20 ||   506
       Fireball          |       |       |     8 |   147 |   225 ||   380
       Sticky Flame      |       |       |       |    10 |    15 ||    25
       Inner Flame       |       |       |       |     1 |       ||     1
       Slow              |       |       |       |       |     2 ||     2
       Lee's Rapid Decon |       |       |       |       |     1 ||     1
       Yara's Violent Un |       |       |       |       |     1 ||     1
Evoke: Wand              |       |       |       |       |    10 ||    10
  Use: Potion            |       |     1 |     2 |       |     4 ||     7
       Scroll            |       |       |     8 |       |     4 ||    12
Armor: Robe              |     2 |     1 |    13 |       |       ||    16
       Steam dragon scal |       |       |       |    21 |    16 ||    37
Dodge: Dodged            |     5 |    15 |    72 |    56 |    61 ||   209
